[ AOE2 MATCH · #506210042 ]
UnrankedKoreans vs Sicilians
Player's team · LOSS
[ REPLAY ANALYSIS · EXTRACTED FROM THE RECORDED GAME ]
Feudal
10:31
Castle
19:35
Imperial
31:49
| APM avg | 94.7 |
| APM peak | 161 |
| eAPM avg | 58.8 |
| Villagers / military | 553 / 466 |
Focus
⚔️ 49.3% · 🌾 50.7%
Fire Lancer ×201 · Spearman ×97 · Skirmisher ×55 · Hand Cannoneer ×52 · Scout Cavalry ×17 · Iron Pagoda ×15
Feudal
10:09
Castle
19:51
Imperial
34:50
| APM avg | 123.7 |
| APM peak | 205 |
| eAPM avg | 83.9 |
| Villagers / military | 206 / 968 |
Focus
⚔️ 78.6% · 🌾 21.4%
Skirmisher ×326 · Scout Cavalry ×323 · Serjeant ×208 · Knight ×52 · Spearman ×34 · Trebuchet (Packed) ×9
Match map
Initial resources + every placement click. Lines = walls · curves = elevation contours. ◆ gold · ⬟ stone · ● berries · ✦ relic · ◌ wall gap
Your base· Open — unwalled flank
DS_StonePleaseAoE's base· Open — 9t gap
Smoothed initial terrain · ◌ = detected wall gap · hover for details
Inputs per minute
— wR.Lucho - - DS_StonePleaseAoE
Build order — wR.Lucho
First 150 of 1160 actions detected
| 0:00 | Create | Villager (Male) |
| 0:01 | Build | House |
| 0:02 | Build | House |
| 0:12 | Create | Villager (Male) |
| 0:12 | Create | Villager (Male) |
| 0:12 | Create | Villager (Male) |
| 1:28 | Create | Villager (Male) |
| 1:28 | Create | Villager (Male) |
| 1:55 | Build | Lumber Camp |
| 1:58 | Create | Villager (Male) |
| 2:17 | Create | Villager (Male) |
| 2:17 | Create | Villager (Male) |
| 2:47 | Create | Villager (Male) |
| 2:48 | Create | Villager (Male) |
| 3:18 | Create | Villager (Male) |
| 3:19 | Create | Villager (Male) |
| 3:34 | Build | Palisade Wall |
| 3:34 | Build | Palisade Wall |
| 3:53 | Build | House |
| 4:03 | Create | Villager (Male) |
| 4:09 | Create | Villager (Male) |
| 4:14 | Build | Palisade Wall |
| 4:23 | Create | Villager (Male) |
| 4:27 | Build | Palisade Wall |
| 4:45 | Build | Palisade Wall |
| 4:46 | Build | Palisade Wall |
| 4:53 | Build | Palisade Wall |
| 4:58 | Build | Palisade Wall |
| 5:20 | Create | Villager (Male) |
| 5:30 | Create | Villager (Male) |
| 5:41 | Build | Mill |
| 5:42 | Create | Villager (Male) |
| 6:10 | Build | House |
| 6:21 | Create | Villager (Male) |
| 6:31 | Build | Palisade Wall |
| 7:03 | Create | Villager (Male) |
| 7:20 | Create | Villager (Male) |
| 7:24 | Build | Farm |
| 7:45 | Create | Villager (Male) |
| 7:48 | Create | Villager (Male) |
| 8:21 | Research | Feudal Age |
| 8:21 | Research | Feudal Age |
| 8:25 | Build | Lumber Camp |
| 8:42 | Build | Barracks |
| 8:54 | Create | Villager (Male) |
| 9:06 | Create | Villager (Male) |
| 9:29 | Build | House |
| 9:35 | Build | House |
| 9:55 | Create | Villager (Male) |
| 9:59 | Create | Villager (Male) |
| 10:12 | Create | Villager (Male) |
| 10:31 | Age | Feudal Age |
| 10:34 | Create | Spearman |
| 10:34 | Research | Double-Bit Axe |
| 10:37 | Build | Archery Range |
| 10:47 | Research | Horse Collar |
| 10:47 | Research | Horse Collar |
| 10:48 | Build | Farm |
| 10:49 | Build | Farm |
| 11:13 | Create | Villager (Male) |
| 11:14 | Build | House |
| 11:16 | Build | House |
| 11:18 | Create | Skirmisher |
| 11:18 | Create | Archer |
| 11:23 | Create | Villager (Male) |
| 11:24 | Build | Farm |
| 11:36 | Build | Mining Camp |
| 11:57 | Create | Villager (Male) |
| 11:58 | Build | Farm |
| 12:11 | Create | Archer |
| 12:14 | Create | Villager (Male) |
| 12:16 | Build | Farm |
| 12:26 | Build | Farm |
| 12:28 | Build | House |
| 12:39 | Create | Villager (Male) |
| 12:43 | Build | House |
| 12:55 | Create | Archer |
| 13:02 | Create | Villager (Male) |
| 13:04 | Build | Farm |
| 13:05 | Build | Farm |
| 13:23 | Build | House |
| 13:24 | Create | Villager (Male) |
| 13:25 | Create | Archer |
| 13:34 | Build | Farm |
| 13:41 | Build | Farm |
| 13:44 | Create | Skirmisher |
| 13:50 | Research | Loom |
| 13:54 | Build | House |
| 14:02 | Create | Skirmisher |
| 14:05 | Build | Farm |
| 14:17 | Create | Villager (Male) |
| 14:18 | Build | Farm |
| 14:35 | Build | Palisade Wall |
| 14:39 | Create | Villager (Male) |
| 14:45 | Build | Blacksmith |
| 14:46 | Create | Skirmisher |
| 14:59 | Create | Villager (Male) |
| 15:15 | Create | Skirmisher |
| 15:34 | Create | Villager (Male) |
| 15:41 | Build | Palisade Gate |
| 15:54 | Create | Villager (Male) |
| 15:56 | Build | Farm |
| 15:59 | Build | Farm |
| 16:01 | Build | Farm |
| 16:04 | Build | House |
| 16:15 | Create | Villager (Male) |
| 16:16 | Build | Farm |
| 16:17 | Build | Farm |
| 16:34 | Build | House |
| 16:34 | Build | House |
| 16:35 | Build | House |
| 16:36 | Build | House |
| 16:55 | Research | Castle Age |
| 16:55 | Research | Castle Age |
| 16:55 | Research | Castle Age |
| 17:21 | Build | Stone Wall |
| 17:27 | Create | Skirmisher |
| 17:28 | Research | Gold Mining |
| 17:43 | Create | Skirmisher |
| 17:52 | Research | Fletching |
| 18:05 | Create | Skirmisher |
| 18:33 | Build | House |
| 18:39 | Create | Skirmisher |
| 18:58 | Create | Skirmisher |
| 19:28 | Create | Skirmisher |
| 19:28 | Create | Villager (Male) |
| 19:35 | Age | Castle Age |
| 19:36 | Build | University |
| 19:38 | Research | Elite Skirmisher (upgrade) |
| 19:38 | Research | Bodkin Arrow |
| 19:39 | Build | Town Center |
| 19:41 | Research | Bow Saw |
| 19:49 | Create | Fire Lancer |
| 19:50 | Create | Fire Lancer |
| 20:01 | Create | Villager (Male) |
| 20:21 | Research | Wheelbarrow |
| 20:35 | Create | Skirmisher |
| 20:46 | Research | Ballistics |
| 20:46 | Research | Ballistics |
| 20:52 | Create | Skirmisher |
| 21:01 | Create | Villager (Male) |
| 21:06 | Create | Villager (Male) |
| 21:12 | Create | Villager (Male) |
| 21:22 | Build | Monastery |
| 21:27 | Build | Monastery |
| 21:30 | Create | Skirmisher |
| 21:40 | Research | Town Watch |
| 21:41 | Create | Skirmisher |
| 21:44 | Create | Villager (Male) |
| 21:48 | Create | Villager (Male) |
Build order — DS_StonePleaseAoE
First 150 of 1049 actions detected
| 0:01 | Create | Villager (Male) |
| 0:01 | Create | Villager (Male) |
| 0:02 | Create | Villager (Male) |
| 0:03 | Build | House |
| 0:06 | Build | House |
| 1:07 | Create | Villager (Male) |
| 1:07 | Create | Villager (Male) |
| 1:26 | Create | Villager (Male) |
| 1:26 | Create | Villager (Male) |
| 1:55 | Create | Villager (Male) |
| 1:55 | Create | Villager (Male) |
| 2:22 | Build | Barracks |
| 2:25 | Create | Villager (Male) |
| 2:26 | Create | Villager (Male) |
| 2:51 | Create | Villager (Male) |
| 2:57 | Build | House |
| 3:15 | Build | House |
| 3:17 | Create | Villager (Male) |
| 3:25 | Create | Militia |
| 3:26 | Create | Militia |
| 3:43 | Create | Villager (Male) |
| 3:43 | Create | Villager (Male) |
| 3:43 | Create | Villager (Male) |
| 3:44 | Build | House |
| 4:03 | Create | Villager (Male) |
| 4:18 | Create | Militia |
| 4:30 | Create | Villager (Male) |
| 4:30 | Create | Villager (Male) |
| 4:51 | Create | Militia |
| 5:04 | Create | Villager (Male) |
| 5:20 | Create | Villager (Male) |
| 5:20 | Create | Villager (Male) |
| 5:40 | Create | Villager (Male) |
| 6:07 | Create | Villager (Male) |
| 6:34 | Create | Villager (Male) |
| 6:58 | Research | Loom |
| 6:59 | Research | Loom |
| 7:19 | Build | Lumber Camp |
| 7:30 | Create | Villager (Male) |
| 7:58 | Research | Feudal Age |
| 7:58 | Research | Feudal Age |
| 8:30 | Build | Lumber Camp |
| 8:36 | Build | House |
| 9:10 | Build | Mill |
| 9:21 | Create | Villager (Male) |
| 10:07 | Build | Farm |
| 10:09 | Build | Farm |
| 10:09 | Age | Feudal Age |
| 10:10 | Build | Farm |
| 10:13 | Research | Double-Bit Axe |
| 10:13 | Research | Double-Bit Axe |
| 10:17 | Build | Farm |
| 10:18 | Create | Villager (Male) |
| 10:18 | Create | Villager (Male) |
| 10:36 | Build | Farm |
| 10:39 | Build | Farm |
| 10:39 | Build | Farm |
| 10:48 | Build | Archery Range |
| 10:58 | Create | Villager (Male) |
| 11:03 | Build | Farm |
| 11:14 | Create | Villager (Male) |
| 11:17 | Build | Palisade Wall |
| 11:28 | Build | Palisade Wall |
| 11:29 | Build | Palisade Wall |
| 11:31 | Create | Skirmisher |
| 11:33 | Create | Villager (Male) |
| 11:40 | Build | Palisade Wall |
| 11:54 | Build | House |
| 11:56 | Create | Villager (Male) |
| 12:04 | Research | Horse Collar |
| 12:05 | Research | Horse Collar |
| 12:08 | Build | Farm |
| 12:09 | Build | Farm |
| 12:24 | Build | House |
| 12:26 | Build | Farm |
| 12:32 | Create | Skirmisher |
| 12:37 | Build | Palisade Wall |
| 12:38 | Create | Villager (Male) |
| 12:45 | Create | Skirmisher |
| 12:54 | Build | Farm |
| 13:05 | Create | Villager (Male) |
| 13:23 | Create | Skirmisher |
| 13:31 | Build | Farm |
| 13:34 | Build | Palisade Wall |
| 13:36 | Create | Villager (Male) |
| 13:38 | Build | Palisade Wall |
| 13:38 | Create | Villager (Male) |
| 13:49 | Create | Skirmisher |
| 13:53 | Build | Palisade Wall |
| 14:01 | Build | Mining Camp |
| 14:18 | Create | Villager (Male) |
| 14:22 | Build | House |
| 14:29 | Research | Wheelbarrow |
| 14:29 | Research | Wheelbarrow |
| 14:46 | Build | Palisade Wall |
| 14:46 | Build | Palisade Wall |
| 14:47 | Build | House |
| 15:12 | Build | Blacksmith |
| 15:22 | Create | Skirmisher |
| 15:50 | Create | Skirmisher |
| 15:51 | Create | Villager (Male) |
| 15:51 | Create | Villager (Male) |
| 15:58 | Build | House |
| 15:59 | Build | Palisade Wall |
| 16:03 | Build | House |
| 16:14 | Create | Villager (Male) |
| 16:19 | Create | Skirmisher |
| 16:19 | Create | Skirmisher |
| 16:39 | Create | Skirmisher |
| 16:42 | Build | House |
| 17:11 | Research | Castle Age |
| 17:11 | Research | Castle Age |
| 17:14 | Build | House |
| 17:15 | Create | Skirmisher |
| 17:18 | Build | Palisade Wall |
| 17:20 | Build | House |
| 17:20 | Build | Palisade Wall |
| 17:23 | Build | Palisade Wall |
| 17:32 | Build | Farm |
| 17:34 | Build | Farm |
| 17:35 | Create | Skirmisher |
| 17:52 | Research | Fletching |
| 17:59 | Build | Palisade Wall |
| 18:00 | Create | Skirmisher |
| 18:02 | Create | Villager (Male) |
| 18:16 | Create | Skirmisher |
| 18:22 | Build | Farm |
| 18:24 | Build | Farm |
| 18:37 | Build | Palisade Wall |
| 18:38 | Research | Padded Archer Armor |
| 18:43 | Build | Farm |
| 18:48 | Create | Skirmisher |
| 19:22 | Create | Skirmisher |
| 19:29 | Create | Villager (Male) |
| 19:51 | Age | Castle Age |
| 19:54 | Research | Elite Skirmisher (upgrade) |
| 19:54 | Research | Bodkin Arrow |
| 19:56 | Create | Villager (Male) |
| 20:01 | Build | Town Center |
| 20:35 | Research | Bow Saw |
| 20:36 | Create | Villager (Male) |
| 20:44 | Create | Villager (Male) |
| 20:50 | Create | Villager (Male) |
| 20:50 | Create | Villager (Male) |
| 21:10 | Create | Villager (Male) |
| 21:10 | Create | Villager (Male) |
| 21:15 | Build | Monastery |
| 21:20 | Create | Villager (Male) |
| 21:32 | Create | Skirmisher |
| 21:35 | Create | Villager (Male) |
Match timeline
| 2:22 | DS_StonePleaseAoE · first_building Barracks |
| 3:34 | wR.Lucho · wall_segment Palisade Wall x1 |
| 3:34 | wR.Lucho · wall_segment Palisade Wall x4 |
| 4:14 | wR.Lucho · wall_segment Palisade Wall x7 |
| 4:27 | wR.Lucho · wall_segment Palisade Wall x5 |
| 4:45 | wR.Lucho · wall_segment Palisade Wall x2 |
| 4:46 | wR.Lucho · wall_segment Palisade Wall x2 |
| 4:53 | wR.Lucho · wall_segment Palisade Wall x1 |
| 4:58 | wR.Lucho · wall_segment Palisade Wall x1 |
| 6:31 | wR.Lucho · wall_segment Palisade Wall x1 |
| 8:42 | wR.Lucho · first_building Barracks |
| 10:09 | DS_StonePleaseAoE · age_up feudal |
| 10:31 | wR.Lucho · age_up feudal |
| 10:37 | wR.Lucho · first_building Archery Range |
| 10:48 | DS_StonePleaseAoE · first_building Archery Range |
| 11:17 | DS_StonePleaseAoE · wall_segment Palisade Wall x6 |
| 11:28 | DS_StonePleaseAoE · wall_segment Palisade Wall x1 |
| 11:29 | DS_StonePleaseAoE · wall_segment Palisade Wall x7 |
| 11:40 | DS_StonePleaseAoE · wall_segment Palisade Wall x7 |
| 12:37 | DS_StonePleaseAoE · wall_segment Palisade Wall x3 |
| 13:34 | DS_StonePleaseAoE · wall_segment Palisade Wall x10 |
| 13:38 | DS_StonePleaseAoE · wall_segment Palisade Wall x1 |
| 13:53 | DS_StonePleaseAoE · wall_segment Palisade Wall x4 |
| 14:35 | wR.Lucho · wall_segment Palisade Wall x1 |
| 14:46 | DS_StonePleaseAoE · wall_segment Palisade Wall x1 |
| 14:46 | DS_StonePleaseAoE · wall_segment Palisade Wall x1 |
| 15:59 | DS_StonePleaseAoE · wall_segment Palisade Wall x1 |
| 17:18 | DS_StonePleaseAoE · wall_segment Palisade Wall x1 |
| 17:20 | DS_StonePleaseAoE · wall_segment Palisade Wall x1 |
| 17:21 | wR.Lucho · wall_segment Stone Wall x1 |
| 17:23 | DS_StonePleaseAoE · wall_segment Palisade Wall x1 |
| 17:59 | DS_StonePleaseAoE · wall_segment Palisade Wall x7 |
| 18:37 | DS_StonePleaseAoE · wall_segment Palisade Wall x6 |
| 19:35 | wR.Lucho · age_up castle |
| 19:51 | DS_StonePleaseAoE · age_up castle |
| 21:15 | DS_StonePleaseAoE · first_building Monastery |
| 21:22 | wR.Lucho · first_building Monastery |
| 26:06 | DS_StonePleaseAoE · first_building Stable |
| 28:42 | wR.Lucho · first_building Siege Workshop |
| 29:56 | DS_StonePleaseAoE · first_market_sell 100 wood |
| 31:49 | wR.Lucho · age_up imperial |
| 32:17 | wR.Lucho · first_market_sell 100 wood |
| 32:39 | DS_StonePleaseAoE · first_market_buy 100 stone |
| 33:43 | DS_StonePleaseAoE · first_building Castle |
| 34:42 | wR.Lucho · wall_segment Palisade Wall x1 |
| 34:50 | DS_StonePleaseAoE · age_up imperial |
| 34:58 | wR.Lucho · first_building Castle |
| 37:53 | DS_StonePleaseAoE · first_building Donjon |
| 43:29 | wR.Lucho · first_market_buy 100 stone |
| 54:59 | wR.Lucho · first_building Stable |
| 55:46 | wR.Lucho · wall_segment Palisade Wall x1 |
| 55:48 | wR.Lucho · wall_segment Palisade Wall x1 |
| 55:52 | wR.Lucho · wall_segment Palisade Wall x1 |
| 57:14 | wR.Lucho · wall_segment Stone Wall x6 |
| 57:17 | wR.Lucho · wall_segment Stone Wall x12 |
| 57:56 | wR.Lucho · wall_segment Stone Wall x7 |
| 57:58 | wR.Lucho · wall_segment Stone Wall x1 |
| 58:00 | wR.Lucho · wall_segment Stone Wall x1 |
| 58:16 | wR.Lucho · wall_segment Stone Wall x21 |
| 61:00 | wR.Lucho · wall_segment Stone Wall x32 |
| 61:10 | wR.Lucho · wall_segment Stone Wall x1 |
| 61:13 | DS_StonePleaseAoE · first_building Siege Workshop |
| 63:46 | wR.Lucho · wall_segment Stone Wall x5 |
| 67:17 | wR.Lucho · wall_segment Stone Wall x7 |
| 67:54 | wR.Lucho · wall_segment Stone Wall x2 |
| 67:55 | wR.Lucho · wall_segment Stone Wall x3 |
| 67:55 | wR.Lucho · wall_segment Stone Wall x1 |
| 68:34 | wR.Lucho · wall_segment Stone Wall x3 |
| 68:38 | wR.Lucho · wall_segment Stone Wall x1 |
| 68:39 | wR.Lucho · wall_segment Stone Wall x1 |
| 68:40 | wR.Lucho · wall_segment Stone Wall x1 |
| 68:43 | wR.Lucho · wall_segment Stone Wall x4 |
| 68:44 | wR.Lucho · wall_segment Stone Wall x2 |
| 69:33 | wR.Lucho · wall_segment Stone Wall x1 |
| 69:38 | wR.Lucho · wall_segment Stone Wall x1 |
| 70:06 | wR.Lucho · resign |
[ AI ANALYSIS · 1 CREDIT ]
What really happened in this match?
Wolo.gg analyzes every decision: build order, eco, micro, common mistakes by bracket. Personalized analysis on WhatsApp or Discord in 30 seconds.
Civ guide
Koreans
Perfil
Jugador #9423131